 Dungeon Crawl Stone Soup version 0.22-a0-800-g058c00f (webtiles) character file.

108 royokou the Chopper (level 4, -3/39 HPs)
             Began as a Hill Orc Monk on July 21, 2018.
             Killed by nerve-wracking pain
             ... invoked by Grinder
              (13 damage)
             ... on level 3 of the Dungeon.
             The game lasted 00:04:31 (2843 turns).

royokou the Chopper (Hill Orc Monk)                 Turns: 2843, Time: 00:04:32

Health: -3/39      AC:  5    Str: 14    XL:     4   Next: 87%
Magic:  4/4        EV: 11    Int: 10    God:
Gold:   153        SH:  0    Dex: 13    Spells: 3/3 levels left

rFire    . . .     SeeInvis .   a - +0 hand axe
rCold    . . .     Gourm    .   (no shield)
rNeg     . . .     Faith    .   i - +0 ring mail
rPois    .         Spirit   .   (no helmet)
rElec    .         Reflect  .   (no cloak)
rCorr    .         Harm     .   (no gloves)
MR       .....                  (no boots)
Stlth    +.........             (no amulet)
HPRegen  0.13/turn              (no ring)
MPRegen  0.09/turn              (no ring)

@: no status effects
A: no striking features
a: no special abilities


You were on level 3 of the Dungeon.
You were very hungry.

You visited 1 branch of the dungeon, and saw 3 of its levels.

You collected 153 gold pieces.

Inventory:

Hand Weapons
 a - a +0 hand axe (weapon)
Armour
 i - a +0 ring mail (worn)
Scrolls
 e - a scroll of identify {unknown}
 g - a scroll of teleportation {unknown}
 h - a scroll of fear {unknown}
 j - a scroll of random uselessness {unknown}
 m - a scroll of immolation {unknown}
Potions
 b - a potion of curing {unknown}
 k - 2 potions of cancellation {unknown}
 l - a potion of mutation {unknown}
Comestibles
 c - 3 rations


   Skills:
 - Level 3.6 Fighting
 + Level 7.2 Axes
 - Level 2.4 Dodging
 - Level 1.5 Stealth


You had 3 spell levels left.
You didn't know any spells.
Your spell library was empty.

Dungeon Overview and Level Annotations

Branches:
Dungeon (3/15)

Altars:
Okawaru
Yredelemnul

Annotations:
D:3 Grinder


Message History

Grinder gestures at you.
You barely resist. You hit Grinder but do no damage.
Grinder is lightly wounded.
Grinder hits you but does no damage.
You barely miss Grinder.
Grinder is lightly wounded.
Grinder gestures at you. Pain shoots through your body!
You hit Grinder.
Grinder is moderately wounded.
Grinder hits you!
* * * LOW HITPOINT WARNING * * *
You writhe in agony.
* * * LOW HITPOINT WARNING * * *
You slash Grinder!
Grinder is heavily wounded.
Grinder gestures at you. Pain shoots through your body!
You die...

### ##.#
#^.#
####.##
#####..5@#
#.(...####
#.#####
#.# #g#
##.# .
###†.# K.
#...#....#
#.##
#.##).####


You could see Grinder.

Vanquished Creatures
  6 adders
  An ooze (D:1)
  A dart slug (D:3)
  3 leopard geckos
  2 giant cockroaches
  4 hobgoblins
  3 jackals (D:2)
  7 bats
  3 frilled lizards
  4 goblins
  6 kobolds
  11 rats
  A spectral orc (D:2)
52 creatures vanquished.

Notes
Turn   | Place    | Note
-------+----------+-------------------------------------------
     0 | D:1      | royokou the Hill Orc Monk began the quest for the Orb.
     0 | D:1      | Reached XP level 1. HP: 19/19 MP: 1/1
   308 | D:1      | Reached XP level 2. HP: 26/26 MP: 2/2
   788 | D:1      | Reached skill level 5 in Axes
  1043 | D:2      | Reached XP level 3. HP: 6/31 MP: 3/3
  1494 | D:2      | Reached skill level 6 in Axes
  1538 | D:2      | Reached XP level 4. HP: 18/39 MP: 4/4
  1903 | D:2      | Found an iron altar of Okawaru.
  1954 | D:2      | Found a basalt altar of Yredelemnul.
  2059 | D:3      | Noticed Grinder
  2063 | D:3      | Reached skill level 7 in Axes
  2349 | D:3      | Paralysed by Grinder for 4 turns
  2609 | D:3      | Paralysed by Grinder for 7 turns
  2719 | D:3      | Paralysed by Grinder for 7 turns
  2843 | D:3      | Killed from afar by Grinder

Vault maps used:
D:1:      roderic_octagonal_star
D:2:      okawaru_ov_weapons_minmay, yredelemnul_forgotten_temple_becter
D:3:      first_ration, uniq_grinder

Skill      XL: |  1  2  3  4 |
---------------+-------------+-----
Axes           | 5 6 7 |  7.2
Fighting       | |  3.6
Dodging        | |  2.4
Stealth        | |  1.5

Action                   |  1- 3 |  4- 6 || total
-------------------------+-------+-------++-------
Melee: Hand axe          |    99 |    98 ||   197
  Use: Potion            |     2 |       ||     2
       Scroll            |       |     1 ||     1
 Stab: Sleeping          |     4 |       ||     4
  Eat: Chunk             |     2 |     3 ||     5
Armor: Ring mail         |    35 |    24 ||    59
       Robe              |     3 |       ||     3
Dodge: Dodged            |    72 |    78 ||   150

Table legend:
 A = Spawn XP
 B = Non-spawn XP
 C = Spawn XP percentage of total XP
 D = Spawn monster count
 E = Non-spawn monster count
 F = Spawn count percentage of total count
 G = Total turns spent on level
                    A         B        C        D         E        F      G
               +---------+---------+-------+---------+---------+-------+---------
         Total |       0 |     155 |   0.0 |       0 |      52 |   0.0 |  2843
               +---------+---------+-------+---------+---------+-------+---------
           D:1 |       0 |      34 |   0.0 |       0 |      13 |   0.0 |  1253
           D:2 |       0 |      82 |   0.0 |       0 |      30 |   0.0 |  1449
           D:3 |       0 |      39 |   0.0 |       0 |       9 |   0.0 |   141
               +---------+---------+-------+---------+---------+-------+---------
